cohdb
Replays
Latest Replays
All Replays
Popular Replays
Top Player Replays
Match Explorer
How It Works
Community
CoH3 Stats
Reddit
Sign in to upload your games and track your stats! →
Sign in with Steam
Match 42849771
Unlisted
Match 42849771
Overview
Messages
Build Orders
End
Kettenkrad Recon Vehicle
Construct Infanterie Kompanie
Selects Terror Battlegroup
MG 42 Machine Gun Team
Selects Machine Gun Camouflage
MG 42 Machine Gun Team
Grenadier Squad
Grenadier Squad
Grenadier Squad
Selects Contempt for the Weak
马枪国
机械牛马不会梦见扳手
是枝枝吖~
SweatyCenter
Tok3n x Operator
M3g4m4n
SlimshadyNL
kantera
0
0
Comments
sign in to comment!
No comments posted yet!